 Dungeon Crawl Stone Soup version 0.25.0-10-g039870ee82 (webtiles) character file.

Game seed: 7107743743981875264

235 Krehm the Sneak (level 6, -1/54 HPs)
             Began as a Naga Enchanter on June 23, 2020.
             Slain by a worker ant (7 damage)
             ... on level 4 of the Dungeon.
             The game lasted 00:26:35 (4267 turns).

Krehm the Sneak (Naga Enchanter)                    Turns: 4267, Time: 00:26:37

Health: -1/54      AC:  4    Str: 16    XL:     6   Next: 5%
Magic:  0/10       EV: 10    Int: 18    God:
Gold:   96         SH:  0    Dex: 11    Spells: 2/11 levels left

rFire    . . .     SeeInvis +   r - +1 dagger
rCold    . . .     Gourm    .   (no shield)
rNeg     . . .     Faith    .   b - +1 robe
rPois    +         Spirit   .   (no helmet)
rElec    .         Reflect  .   (no cloak)
rCorr    .         Harm     .   (no gloves)
MR       +....                  (no barding)
Stlth    ++........             (no amulet)
HPRegen  0.18/turn              q - +6 ring of strength
MPRegen  0.12/turn              o - ring of protection from magic

@: mighty, lethally poisoned (-1 -> -3), stab, very slow
A: large, see invisible, deformed body, poison resistance, slowness 2, slow
metabolism 1, spit poison 1, AC +2
a: Spit Poison


You were on level 4 of the Dungeon.
You were hungry.

You visited 1 branch of the dungeon, and saw 4 of its levels.

You collected 96 gold pieces.

Inventory:

Hand Weapons
 a - a +0 rapier
 g - a +1 falchion of electrocution
 r - a +1 dagger (weapon)
Missiles
 e - a throwing net
 j - 3 silver javelins (quivered)
Armour
 b - a +1 robe (worn)
 t - a +0 kite shield
Jewellery
 c - an uncursed ring of ice
 o - a ring of protection from magic (right hand)
 q - a +6 ring of strength (left hand)
 C - an uncursed ring of magical power
Scrolls
 f - 4 scrolls of blinking
 k - a scroll of remove curse
 m - a scroll of enchant weapon {unknown}
 n - a scroll of magic mapping {unknown}
 u - a scroll of fog {unknown}
 w - 2 scrolls of random uselessness {unknown}
 y - a scroll of identify {unknown}
 B - a scroll of enchant armour
 D - a scroll of teleportation {unknown}
Potions
 i - a potion of haste
Comestibles
 d - 9 rations
 A - 2 chunks of flesh


   Skills:
 + Level 2.3 Fighting
 - Level 1.0(1.3) Short Blades
 + Level 1.4(1.6) Long Blades
 - Level 1.5 Dodging
 - Level 4.4 Stealth
 + Level 0.8 Shields
 + Level 3.2 Spellcasting
 + Level 4.0 Hexes
 - Level 2.0 Ice Magic


You had 2 spell levels left.
You knew the following spells:

 Your Spells              Type           Power        Failure   Level  Hunger
a - Corona                Hex            ###....      3%          1    None
b - Ensorcelled Hibernat  Hex/Ice        ##....       7%          2    ##.....
c - Confusing Touch       Hex            ###.....     9%          3    ###....
d - Tukima's Dance        Hex            ###.....     9%          3    ###....

Your spell library contained the following spells:

 Spells                   Type           Power        Failure   Level  Hunger
 Dazzling Flash           Conj/Hex       ##....       21%         3    ###....


Dungeon Overview and Level Annotations

Branches:
Dungeon (4/15)
 Temple: D:4-7

Altars:
Fedhas
Qazlal

Annotations:
D:3 exclusion: ogre


Innate Abilities, Weirdness & Mutations

You cannot wear boots.
Your serpentine skin is tough. (AC +2)
You have supernaturally acute eyesight. (SInv)
Armour fits poorly on your strangely shaped body.
Your system is resistant to poisons. (rPois)
You cover ground very slowly.
You have a slow metabolism.
You can spit poison.


Message History

You feel magically purged.
You feel yourself slow down.
You float gracefully downwards.
You feel a little less clever now.
Your resistance to elements expires.
The orc wizard mumbles some strange words.
The orc wizard blinks!
It was a potion of stabbing.
You feel ready to backstab.
You feel sick. The worker ant bites you.
* * * LOW HITPOINT WARNING * * *
Your +1 dagger of holy wrath misses the orc.
The orc barely misses you. The worker ant bites you.
* * * LOW HITPOINT WARNING * * *
It was a potion of might.
You feel very mighty all of a sudden.
Your +1 dagger of holy wrath hits the orc but does no damage.
The orc barely misses you.
The orc wizard hits you but does no damage.
The worker ant bites you!
You die...

.... #.# #<).. #.#
#....##.#
#.......#
#....#..########
.......... ...
###.#.##o(####.#
......a@o.o...(#
#####.###รท#....#
.. #......# ..#
###..=## ## #...#
#...# #
#####...#####.##
.......o.......#.
..................


You could see a worker ant, 2 orc wizards, an orc and a friendly +1 dagger of
holy wrath.

Vanquished Creatures
  An orc priest (D:2)
  2 orc wizards (D:4)
  6 adders
  An ooze (D:3)
  2 worms
  A leopard gecko (D:1)
  5 orcs
  3 ball pythons
  10 bats
  7 giant cockroaches
  7 goblins
  8 hobgoblins
  7 jackals
  5 kobolds
  4 quokkas
  5 frilled lizards
  8 rats
82 creatures vanquished.

Notes
Turn   | Place    | Note
-------+----------+-------------------------------------------
     0 | D:1      | Krehm the Naga Enchanter began the quest for the Orb.
     0 | D:1      | Reached XP level 1. HP: 15/15 MP: 3/3
    82 | D:1      | Reached skill level 1 in Fighting
   376 | D:1      | Reached XP level 2. HP: 22/25 MP: 3/5
   391 | D:1      | Learned a level 2 spell: Ensorcelled Hibernation
   986 | D:1      | Reached XP level 3. HP: 20/32 MP: 6/6
  1570 | D:2      | Reached skill level 1 in Ice Magic
  1847 | D:2      | Found a faded altar of an unknown god.
  2278 | D:2      | Reached XP level 4. HP: 16/39 MP: 3/8
  2551 | D:2      | Found a stormy altar of Qazlal.
  2559 | D:2      | Found a blossoming altar of Fedhas.
  2826 | D:2      | Reached XP level 5. HP: 45/45 MP: 5/9
  2831 | D:2      | Learned a level 3 spell: Confusing Touch
  2835 | D:2      | Learned a level 3 spell: Tukima's Dance
  3219 | D:3      | Noticed an ogre
  3449 | D:3      | Reached skill level 1 in Long Blades
  4249 | D:4      | Reached XP level 6. HP: 22/54 MP: 2/10
  4267 | D:4      | Slain by a worker ant

Illustrated notes

Levels and vault maps discovered:
D:1:      nagdon_arrival_zigzag_paths, layout_loops_ring
D:2:      layout_loops_ring, grunt_temple_overflow_forces_of_nature,
          chequers_ecumenical_altar_lobes
D:3:      layout_rooms, first_ration
D:4:      layout_loops_cross

Skill      XL: |  1  2  3  4  5 |
---------------+----------------+-----
Fighting       | 1 2 |  2.3
Ice Magic      | 1 2 |  2.0
Spellcasting   | 3 |  3.2
Long Blades    | 1 |  1.4
Hexes          | 4 |  4.0
Short Blades   | |  1.0
Dodging        | |  1.5
Stealth        | |  4.4
Shields        | |  0.8

Action                   |  1- 3 |  4- 6 || total
-------------------------+-------+-------++-------
Melee: Dagger            |   127 |   151 ||   278
Throw: Javelin           |     8 |     6 ||    14
       Throwing net      |       |     1 ||     1
 Cast: Corona            |    20 |     8 ||    28
       Ensorcelled Hiber |     3 |    17 ||    20
       Tukima's Dance    |       |     1 ||     1
  Use: Scroll            |     2 |     1 ||     3
       Potion            |       |     9 ||     9
 Stab: Sleeping          |    11 |    14 ||    25
  Eat: Chunk             |     3 |     6 ||     9
Armor: Robe              |    39 |    52 ||    91
       Skin              |       |     6 ||     6
Dodge: Dodged            |    68 |    86 ||   154
